 Dungeon Crawl Stone Soup version 0.19-a0-805-g0a78ef0 (webtiles) character file.

10485 Fubayashi the Thaumaturge (level 11, -1/64 HPs)
             Began as a Gargoyle Earth Elementalist on June 27, 2016.
             Was an Elder of Vehumet.
             Slain by a snapping turtle (15 damage)
             ... on level 10 of the Dungeon.
             The game lasted 01:04:46 (18616 turns).

Fubayashi the Thaumaturge (GrEE)                   Turns: 18616, Time: 01:04:47

Health: -1/64      AC: 13    Str: 12    XL:     11   Next: 62%
Magic:  21/33      EV: 14    Int: 19    God:    Vehumet [****..]
Gold:   577        SH:  5    Dex: 13    Spells: 4 memorised, 18 levels left

rFire  . . .     SeeInvis .     O - +3 mace (curse)
rCold  . . .     Gourm    .     J - +1 leather armour of Kindness {rCorr Dex+3 Stlth-}
rNeg   + . .     Faith    .     o - +0 buckler
rPois  ∞         Spirit   .     (no helmet)
rElec  +         Dismiss  .     g - +0 cloak
rCorr  +         Reflect  .     (no gloves)
SustAt .         Harm     .     (no boots)
MR     .....                    (no amulet)
Stlth  +.........               v - ring of stealth
                                K - ring of magical power

@: not resistant to hostile enchantments, very unstealthy
A: negative energy resistance 1, electricity resistance, unbreathing,
petrification resistance, rot immunity, AC +7
a: Renounce Religion


You were on level 10 of the Dungeon.
You worshipped Vehumet.
Vehumet was greatly pleased with you.
You were hungry.

You visited 2 branches of the dungeon, and saw 11 of its levels.

You collected 577 gold pieces.

Inventory:

Hand Weapons
 N - a +1 mace
 O - a cursed +3 mace (weapon)
Missiles
 b - 226 stones (quivered)
Armour
 g - a +0 cloak (worn)
 o - a +0 buckler (worn)
 J - the +1 leather armour of Kindness (worn) {rCorr Dex+3 Stlth-}
   (You found it on level 7 of the Dungeon)

   It affects your dexterity (+3).
   It protects you from acid and corrosion.
   It makes you less stealthy.
Magical Staves
 F - an uncursed staff of air {unknown}
Jewellery
 v - a ring of stealth (right hand)
 K - a ring of magical power (left hand)
Wands
 i - a wand of lightning (5/15)
 E - a wand of acid (10/15)
 G - a wand of digging (0/24)
 L - a wand of lightning (3/15)
Scrolls
 a - a scroll of amnesia
 k - a scroll of blinking
 l - 2 scrolls of enchant weapon
 m - a scroll of random uselessness {unknown}
 n - 2 scrolls of teleportation {@r4}
 q - a scroll of recharging {unknown}
 r - 2 scrolls of magic mapping {unknown}
 s - a scroll of fog {unknown}
 u - a scroll of immolation {unknown}
 x - 3 scrolls of fear {unknown}
 y - 2 scrolls of identify {@r1}
 B - 2 scrolls of remove curse {@r2}
Potions
 f - 2 potions of curing {@q1}
 h - 2 potions of resistance
 j - 2 potions of lignification {!q}
 t - 2 potions of heal wounds {@q2}
 D - a potion of haste {unknown}
 H - a potion of brilliance {unknown}
 I - a potion of ambrosia {unknown}
 M - a potion of cure mutation {unknown}
 P - a potion of agility {unknown}
Books
 c - a book of the Earth

   Spells                             Type                      Level
   a - Leda's Liquefaction            Hexes/Earth                  4
   b - Bolt of Magma                  Conjuration/Fire/Earth       5
   c - Statue Form                    Transmutation/Earth          6
   d - Iron Shot                      Conjuration/Earth            6
   e - Shatter                        Earth                        9
 e - a book of Geomancy

   Spells                             Type                      Level
   a - Sandblast                      Earth                        1
   b - Passwall                       Transmutation/Earth          2
   c - Stone Arrow                    Conjuration/Earth            3
   d - Petrify                        Transmutation/Earth          4
   e - Lee's Rapid Deconstruction     Earth                        5
Comestibles
 d - 5 bread rations {@e1}
 p - a slice of pizza {@e2}
 w - 7 meat rations {@e1}
 A - a beef jerky {@e2}
 C - 2 fruits {@e2}


   Skills:
 + Level 5.7 Fighting
 + Level 5.0 Maces & Flails
 - Level 5.4 Armour
 + Level 4.6 Dodging
 - Level 2.1 Stealth
 - Level 4.0 Shields
 * Level 9.0 Spellcasting
 + Level 6.7 Conjurations
   Level 0.7 Transmutations
 + Level 3.3 Fire Magic
 + Level 8.7 Earth Magic
 + Level 3.3 Evocations


You had 18 spell levels left.
You knew the following spells:

 Your Spells              Type           Power        Failure   Level  Hunger
a - Sandblast             Erth           #####.       1%          1    None
b - Stone Arrow           Conj/Erth      #####.       1%          3    None
c - Lee's Rapid Deconstr  Erth           #####.....   2%          5    #####..
d - Flame Tongue          Conj/Fire      ####.        1%          1    None


Dungeon Overview and Level Annotations

Branches:
Dungeon (10/15)            Temple (1/1) D:5             Orc (0/2) D:10
   Lair: D:8-11

Altars:
Ashenzari
Cheibriados
Dithmenos
Elyvilon
Fedhas
Gozag
Kikubaaqudgha
Makhleb
Nemelex Xobeh
Okawaru
Pakellas
Qazlal
Ru
Sif Muna
Trog
Uskayaw
Vehumet
Xom
Yredelemnul
Zin
The Shining One
Beogh

Shops:
D:9 %


Innate Abilities, Weirdness & Mutations

You are resistant to torment.
Your stone body is resilient. (AC +7)
You are immune to poison.
You resist negative energy. (rN+)
You are resistant to electric shocks. (rElec)
You can survive without breathing.
You are immune to petrification.
You are immune to rotting.


Message History

Aim: a snapping turtle (water)
The stone arrow hits the snapping turtle.
The snapping turtle misses you.
Casting: Stone Arrow
Confirm with . or Enter, or press ? or * to list all spells.
Aiming: Stone Arrow
Press: ? - help, Shift-Dir - straight line, f/p - snapping turtle
Aim: a snapping turtle (water)
The stone arrow hits the snapping turtle.
The snapping turtle is moderately wounded.
The snapping turtle bites you from afar!!
You block the snapping turtle's attack.
The snapping turtle completely misses you.
Why would you want to do that?
The snapping turtle bites you from afar!
* * * LOW HITPOINT WARNING * * *
The snapping turtle completely misses you.
The snapping turtle closely misses you.
The snapping turtle bites you from afar!
You die...

................#≈#≈≈≈≈≈...
..#.##.#........≈##≈≈≈≈≈≈≈≈
....##.#....#.#.#≈#≈≈≈≈≈≈≈≈
....##.#....#.#.#≈≈≈≈≈≈≈≈≈≈
............#.#.#≈≈≈≈≈≈≈≈≈≈
.#..............#≈≈≈≈#≈≈≈≈≈
.#..##.##..##.#.#≈≈≈≈#≈≈≈≈≈
..............#.#≈≈≈≈##≈.≈≈
....##.##.......@≈≈≈≈##≈≈≈≈
................#≈≈≈≈≈≈≈≈≈≈
>...##.########.≈#t≈≈≈≈≈≈≈≈
................##≈≈≈≈≈≈≈≈≈
................≈#≈≈≈≈≈≈≈#
................##≈≈≈≈≈≈≈#
##..###########.##≈≈≈≈≈≈≈#
##..###########.#≈#≈≈≈≈≈≈≈#
................#≈≈≈≈≈#≈≈≈#


You could see a snapping turtle.

Vanquished Creatures
  An unseen horror (D:10)
  A hill giant (D:10)
  A two-headed ogre (D:10)
  Prince Ribbit (D:6)
  Sigmund (D:6)
  3 snapping turtles (D:10)
  2 wyverns
  5 yaks
  2 hungry ghosts
  3 wargs (D:10)
  A water moccasin (D:9)
  An ice beast (D:9)
  6 orc warriors
  4 sky beasts
  4 ogres
  An eye of draining (D:8)
  5 centaurs
  7 big kobolds
  A gnoll sergeant (D:7)
  7 giant frogs
  5 scorpions
  4 killer bees
  16 wights
  5 electric eels (D:10)
  A howler monkey (D:5)
  3 crimson imps
  A quasit (D:6)
  2 centaur skeletons
  2 centaur zombies
  2 jellies
  5 hounds
  4 giant frog skeletons
  A gnoll shaman (D:8)
  10 orc priests
  3 iguanas
  13 orc wizards
  9 worker ants
  3 hound zombies
  A hound skeleton (D:9)
  A worker ant zombie (D:7)
  22 gnolls
  9 adders
  2 shadow imps
  2 adder zombies
  2 worms
  A dart slug (D:1)
  5 giant geckos
  52 orcs
  7 bats
  6 giant cockroaches
  3 hobgoblins
  11 jackals
  4 quokkas
  A ball python (D:5)
  11 giant newts
  7 goblins
  A jackal skeleton (D:5)
  6 kobolds
  8 rats
308 creatures vanquished.

Vanquished Creatures (others)
  2 bats (D:10)
2 creatures vanquished.

Grand Total: 310 creatures vanquished

Notes
Turn   | Place    | Note
--------------------------------------------------------------
     0 | D:1      | Fubayashi the Gargoyle Earth Elementalist began the quest for the Orb.
     0 | D:1      | Reached XP level 1. HP: 10/10 MP: 3/3
   345 | D:1      | Reached XP level 2. HP: 6/15 MP: 3/5
  1550 | D:2      | Reached XP level 3. HP: 15/19 MP: 0/7
  1619 | D:1      | Learned a level 3 spell: Stone Arrow
  1729 | D:2      | Reached skill level 3 in Spellcasting
  1781 | D:2      | Reached skill level 1 in Conjurations
  1787 | D:2      | Reached XP level 4. HP: 4/24 MP: 0/8
  2700 | D:3      | Reached XP level 5. HP: 20/28 MP: 4/10
  3448 | D:3      | Reached skill level 4 in Spellcasting
  4379 | D:4      | Reached XP level 6. HP: 32/32 MP: 9/12
  4386 | D:4      | Learned a level 5 spell: Lee's Rapid Deconstruction
  4434 | D:4      | Got a shimmering dagger
  4485 | D:4      | Reached skill level 5 in Earth Magic
  5489 | D:4      | Found an opulent altar of Gozag.
  5707 | D:5      | Entered Level 5 of the Dungeon
  5961 | D:5      | Reached XP level 7. HP: 25/36 MP: 10/14
  6088 | D:5      | Reached skill level 5 in Spellcasting
  6536 | D:4      | Identified the cursed +0 dagger "Gaurph" {pain, Int+4} (You found it on level 4 of the Dungeon)
  6630 | D:5      | Reached skill level 1 in Shields
  6941 | D:5      | Reached skill level 1 in Armour
  7074 | D:5      | Reached skill level 1 in Fighting
  7074 | D:5      | Reached skill level 1 in Maces & Flails
  7116 | D:4      | Reached XP level 8. HP: 28/43 MP: 2/16
  7475 | D:5      | Found a staircase to the Ecumenical Temple.
  7487 | Temple   | Entered the Ecumenical Temple
  7601 | Temple   | Became a worshipper of Vehumet
  8352 | D:6      | Noticed Prince Ribbit
  9129 | D:6      | Killed Prince Ribbit
  9129 | D:6      | Reached skill level 6 in Spellcasting
  9468 | D:6      | Noticed Sigmund
  9478 | D:6      | Killed Sigmund
  9478 | D:6      | Reached XP level 9. HP: 39/49 MP: 0/18
  9668 | D:7      | Reached skill level 5 in Conjurations
  9911 | D:7      | Reached * piety under Vehumet
  9911 | D:7      | Offered knowledge of Magic Dart by Vehumet.
 10398 | D:7      | Got a spiked leather armour
 10409 | D:7      | Identified the +1 leather armour of Kindness {rCorr Dex+3 Stlth-} (You found it on level 7 of the Dungeon)
 11599 | D:8      | Reached skill level 7 in Spellcasting
 12091 | D:8      | Reached XP level 10. HP: 56/56 MP: 20/20
 12339 | D:8      | Reached skill level 1 in Evocations
 12643 | D:8      | Reached ** piety under Vehumet
 12666 | D:7      | Offered knowledge of Flame Tongue by Vehumet.
 12800 | D:7      | Learned a level 1 spell: Flame Tongue
 13683 | D:9      | Reached skill level 1 in Fire Magic
 13733 | D:9      | Found Jailyugh's Food Boutique.
 14470 | D:9      | Offered knowledge of Mephitic Cloud by Vehumet.
 14470 | D:9      | Reached skill level 8 in Spellcasting
 14632 | D:9      | Reached *** piety under Vehumet
 14861 | D:9      | Reached skill level 5 in Fighting
 15077 | D:9      | Found a roughly hewn altar of Beogh.
 15111 | D:10     | Entered Level 10 of the Dungeon
 15270 | D:10     | Offered knowledge of Iskenderun's Mystic Blast by Vehumet.
 15710 | D:10     | Reached skill level 5 in Armour
 15710 | D:10     | Reached XP level 11. HP: 56/64 MP: 15/23
 16071 | D:10     | Noticed a hill giant
 16204 | D:10     | Reached **** piety under Vehumet
 16214 | D:10     | Killed a hill giant
 16699 | D:10     | Offered knowledge of Bolt of Draining by Vehumet.
 16872 | D:10     | Killed an unseen horror
 17171 | D:10     | Found a staircase to the Orcish Mines.
 17926 | D:10     | Reached skill level 5 in Maces & Flails
 18467 | D:10     | Reached skill level 9 in Spellcasting
 18616 | D:10     | Slain by a snapping turtle

Vault maps used:
D:1:      lemuel_arrival_rhombus, hangedman_decor_riveting
D:3:      solitary_fountain, st_stairs_13
D:4:      minmay_misc_feat_doors, nicolae_gozag_seed_capital
D:5:      first_bread
D:6:      uniq_sigmund, uniq_prince_ribbit1
D:7:      nicolae_overflow_hidden_temple, minmay_misc_feat_more_columns
D:8:      special_room
D:9:      special_room, serial_shops, nicolae_shop_waterfront
D:10:     wad_bat_island, minmay_orc_entry_guard_dogs
Temple:   kilobyte_greek_temple

Skill      XL: |  1  2  3  4  5  6  7  8  9 10 11 |
---------------+----------------------------------+-----
Earth Magic    | 4 5 6 7 8 |  8.7
Spellcasting   | 3 4 5 6 7 8 9 |  9.0
Conjurations   | 1 2 3 4 5 6 |  6.7
Shields        | 1 2 4 |  4.0
Armour         | 1 2 3 5 |  5.4
Fighting       | 1 2 3 5 |  5.7
Maces & Flails | 1 2 3 4 5 |  5.0
Dodging        | 2 3 4 |  4.6
Evocations     | 2 3 |  3.3
Fire Magic     | 2 3 |  3.3
Stealth        | |  2.1
Transmutations | |  0.7

Action                   |  1- 3 |  4- 6 |  7- 9 | 10-12 || total
-------------------------+-------+-------+-------+-------++-------
Melee: Unarmed           |    42 |       |       |       ||    42
       Club              |    69 |   147 |    81 |   162 ||   459
       Dagger            |       |       |   157 |       ||   157
       Mace              |       |       |       |    57 ||    57
 Cast: Sandblast         |    19 |   107 |    21 |     1 ||   148
       Stone Arrow       |       |       |   152 |   330 ||   482
  Use: Scroll            |       |       |    11 |       ||    11
 Stab: Sleeping          |     3 |     3 |       |       ||     6
  Eat: Chunk             |     3 |    12 |    21 |    20 ||    56
       Pizza             |       |       |     1 |     1 ||     2
Armor: Robe              |    53 |    78 |   106 |       ||   237
       Leather armour    |       |       |    73 |   153 ||   226
Dodge: Dodged            |   123 |   157 |   284 |   188 ||   752
Block: Buckler           |       |       |     3 |    62 ||    65
